Saguenéens vs Atomiques
Created - 3 novembre 2015 at 19:27
Goals
|
| Saguenéens |
0 |
1 |
1 |
0 |
0 |
2 |
| Atomiques |
0 |
1 |
1 |
0 |
1 |
3 |
|
Shots
|
| Saguenéens |
8 |
7 |
9 |
1 |
3 |
25 |
| Atomiques |
11 |
7 |
8 |
0 |
2 |
26 |
|
1st period
No Goal
Penalties :
Davis Drewiske (STB) for Holding (Minor) at 8:10, Scott Jackson (STB) for Hooking (Minor) at 16:10
2nd period
1. Saguenéens , Evgeny Dadonov 1 (Brett Lebda, Kyle Brodziak) at 0:10
2. Atomiques , Marc-André Cliche 5 (Kenndal McArdle, Ryan Shannon) at 1:10
Penalties :
Mike Sauer (Chi) for Holding (Minor) at 2:33, David Laliberté (Chi) for Interference (Minor) at 8:00, Kyle Brodziak (Chi) for Hooking (Minor) at 8:41, Mike Sauer (Chi) for Hooking (Minor) at 11:50, Tyler Kennedy (STB) for Interference (Minor) at 15:35, Roman Polak (STB) for High sticking (Minor) at 19:56
3rd period
3. Atomiques , Tyler Kennedy 7 (John McCarthy, Davis Drewiske) at 13:49
4. Saguenéens , Kyle Brodziak 7 (Tyler Pitlick, Evgeny Dadonov) at 18:17
Penalties :
John McCarthy (STB) for Hooking (Minor) at 6:58, John McCarthy (STB) for Hooking (Minor) at 11:37, Eric Tangradi (Chi) for Hooking (Minor) at 14:31
Overtime #1
No Goal
Penalties :
No Penalty
Shootout
Penalty Shot by Evgeny Dadonov for Saguenéens - Shot Misses the Net
Penalty Shot by Brad Winchester for Atomiques - Stopped by Al Montoya
Penalty Shot by Kyle Brodziak for Saguenéens - Stopped by Alex Auld
Penalty Shot by Tyler Kennedy for Atomiques - Goal!
Penalty Shot by David Laliberté for Saguenéens - Shot Misses the Net
Penalties :
No Penalty
Goalie Stats
Al Montoya (Chi), 24 saves from 26 shots - (0,923), OTL, 4-4-1, 65:00 minutes
Alex Auld (STB), 23 saves from 25 shots - (0,920), W, 5-2-0, 65:00 minutes
Players Stats for Saguenéens
Player Name G A P +/- PIM S H SB GA TA FO MP PP MP PK MP
------------------------------------------------------------------------------------
Brandon Burlon 0 0 0 0 0 1 0 3 0 1 0/0 15:16 0:16 2:20
Brett Lebda 0 1 1 0 0 1 2 1 1 1 0/0 26:22 4:57 5:56
Brian Flynn 0 0 0 0 0 1 2 0 0 0 1/8 17:05 5:21 0:39
David Laliberté 0 0 0 0 2 2 2 0 1 0 0/0 10:53 0:00 1:24
David Rundblad 0 0 0 1 0 0 2 1 0 0 0/0 18:31 4:57 0:26
Eric Tangradi 0 0 0 0 2 2 1 0 2 0 1/1 19:25 5:21 3:48
Evgeny Dadonov 1 1 2 1 0 6 1 0 3 1 0/0 22:28 6:33 2:12
Jerry D'Amigo 0 0 0 -1 0 0 1 0 0 0 0/0 8:54 0:00 0:00
Jim O'Brien 0 0 0 -1 0 1 1 0 0 0 4/4 10:49 0:00 3:11
Kevin Marshall 0 0 0 -1 0 0 1 0 1 0 0/0 26:25 6:57 2:39
Kyle Brodziak 1 1 2 1 2 3 0 0 0 2 20/39 25:20 6:33 4:24
Mathieu Perreault 0 0 0 0 0 1 0 0 0 0 2/7 17:55 6:33 0:00
Mike Sauer 0 0 0 1 4 0 0 1 0 1 0/0 17:05 0:00 3:12
Rhett Rakhshani 0 0 0 0 0 2 1 1 0 0 0/1 10:16 0:00 0:00
T.J. Fast 0 0 0 -1 0 2 1 4 2 1 0/0 26:30 6:41 2:41
Tim Kennedy 0 0 0 0 0 0 0 1 0 0 0/0 12:35 0:00 0:17
Tyler McNeely 0 0 0 -1 0 3 1 0 1 0 0/1 7:14 0:00 0:00
Tyler Pitlick 0 1 1 1 0 0 0 0 0 0 1/1 16:57 5:21 0:00
Players Stats for Atomiques
Player Name G A P +/- PIM S H SB GA TA FO MP PP MP PK MP
------------------------------------------------------------------------------------
Alex Berry 0 0 0 0 0 3 3 0 0 1 0/0 11:32 0:00 2:08
Andrew Kozek 0 0 0 0 0 3 0 0 0 0 0/0 13:44 0:00 2:04
Brad Winchester 0 0 0 0 0 0 0 1 0 0 7/15 24:57 4:54 6:39
Brett Sutter 0 0 0 0 0 0 1 0 1 2 4/5 10:34 0:00 0:46
Clayton Stoner 0 0 0 1 0 0 5 0 0 1 0/0 22:41 2:45 4:46
Davis Drewiske 0 1 1 -1 2 2 4 3 0 0 0/0 29:53 5:52 6:02
Drew Larman 0 0 0 0 0 2 1 0 0 0 2/7 7:59 0:00 0:14
John McCarthy 0 1 1 1 4 3 2 0 0 0 0/1 7:47 0:00 0:00
Kenndal McArdle 0 1 1 0 0 0 4 0 0 0 0/1 18:35 3:43 3:25
Kyle Wharton 0 0 0 1 0 0 3 2 1 0 0/0 22:41 2:45 4:46
Marc-André Cliche 1 0 1 0 0 1 1 0 0 0 4/8 12:56 3:43 0:00
Marc-Antoine Pouliot 0 0 0 -1 0 0 2 0 0 1 12/20 16:02 4:54 0:00
Nick Johnson 0 0 0 0 0 3 1 0 1 0 1/1 11:23 0:00 0:00
Roman Polak 0 0 0 0 2 0 1 0 0 3 0/0 12:49 0:00 1:06
Ryan Shannon 0 1 1 0 0 4 3 0 2 0 2/2 17:51 3:43 3:02
Scott Jackson 0 0 0 0 2 0 1 1 0 0 0/0 12:06 0:00 0:00
Shawn Belle 0 0 0 -1 0 3 2 3 1 3 0/0 30:38 5:52 7:08
Tyler Kennedy 1 0 1 0 2 2 3 1 1 0 1/2 23:52 4:54 5:30
3 Stars
1 - Evgeny Dadonov (Chi)
2 - Kyle Brodziak (Chi)
3 - Marc-André Cliche (STB)
Power Play
Saguenéens - 0 on 6 Attempt(s) - 0,00%
Atomiques - 0 on 5 Attempt(s) - 0,00%
Penalty Kill
Saguenéens - 5 on 5 Attempt(s) - 100,00%
- Score 0 goal in Penalty Kill
Atomiques - 6 on 6 Attempt(s) - 100,00%
- Score 0 goal in Penalty Kill
Team Stat
Saguenéens - Hits : 16 - Faceoff Wins : 29 - Blocked Shots : 12 - Penalty Minutes : 10
Atomiques - Hits : 37 - Faceoff Wins : 33 - Blocked Shots : 11 - Penalty Minutes : 12
Official
Referees : Devorski Paul and Fraser Kerry
Linesman : Jay Sharrers and Michel Cormier
Game Notes
No Game Note
Finance
Level 1 -- Attendance: 1455 (72,75%) -- Ticket Income 50 925 $
Level 2 -- Attendance: 808 (80,80%) -- Ticket Income 12 120 $
Total Attendance: 2263 (75,43%)
Total Ticket Income: 63 045 $
Other Income: 3 152 $
Total Income: 66 197 $
Saguenéens
5 vs 5 Forward
Center Left Wing Right Wing Time % Phy DF OF
1 Kyle Brodziak Evgeny Dadonov Tyler Pitlick 40 1 2 2
2 Mathieu Perreault Eric Tangradi David Laliberté 30 1 2 2
3 Brian Flynn Tim Kennedy Rhett Rakhshani 20 1 2 2
4 Jim O'Brien Tyler McNeely Jerry D'Amigo 10 1 2 2
5 vs 5 Defense
Defense Defense Time % Phy DF OF
1 Brett Lebda Kevin Marshall 40 1 2 2
2 T.J. Fast Brandon Burlon 31 1 2 2
3 David Rundblad Mike Sauer 23 1 2 2
4 T.J. Fast David Rundblad 6 1 2 2
PowerPlay Forward
Center Left Wing Right Wing Time % Phy DF OF
1 Kyle Brodziak Evgeny Dadonov Mathieu Perreault 60 1 2 2
2 Brian Flynn Eric Tangradi Tyler Pitlick 40 1 2 2
PowerPlay Defense
Defense Defense Time % Phy DF OF
1 T.J. Fast Kevin Marshall 60 1 2 2
2 Brett Lebda David Rundblad 40 1 2 2
Penalty Kill 4 Players Forward
Center Wing Time % Phy DF OF
1 Kyle Brodziak Eric Tangradi 60 1 2 2
2 Jim O'Brien David Laliberté 40 1 2 2
Penalty Kill 4 Players Defense
Defense Defense Time % Phy DF OF
1 Brett Lebda Mike Sauer 60 1 2 2
2 T.J. Fast Kevin Marshall 40 1 2 2
Penalty Kill - 3 Players Forward
Forward Time % Phy DF OF
1 Kyle Brodziak 60 1 2 2
2 David Laliberté 40 1 2 2
Penalty Kill - 3 Players Defense
Defense Defense Time % Phy DF OF
1 Brett Lebda Mike Sauer 60 1 2 2
2 T.J. Fast Kevin Marshall 40 1 2 2
4 vs 4 Forward
Center Wing Time % Phy DF OF
1 Kyle Brodziak Mathieu Perreault 60 1 2 2
2 Brian Flynn Evgeny Dadonov 40 1 2 2
4 vs 4 Defense
Defense Defense Time % Phy DF OF
1 Brett Lebda Kevin Marshall 60 1 2 2
2 T.J. Fast Mike Sauer 40 1 2 2
Last Minutes Offensive
Center Left Wing Right Wing Defense Defense
Kyle Brodziak Evgeny Dadonov David Laliberté Brett Lebda T.J. Fast
Last Minutes Defensive
Center Left Wing Right Wing Defense Defense
Mathieu Perreault Evgeny Dadonov David Laliberté Brett Lebda T.J. Fast
Goaltenders
Starting : Al Montoya
Backup : Harru Sateri
Extra Forwards
Normal : Tim Kennedy, Evgeny Dadonov, Jerry D'Amigo - PP : Eric Tangradi, David Laliberté - PK : Eric Tangradi
Extra Defensemen
Normal : T.J. Fast, Mike Sauer, Brett Lebda - PP : Brandon Burlon - PK : Brandon Burlon, David Rundblad
Penalty Shots
Evgeny Dadonov, Kyle Brodziak, David Laliberté, Mathieu Perreault, Tim Kennedy
Atomiques
5 vs 5 Forward
Center Left Wing Right Wing Time % Phy DF OF
1 Marc-Antoine Pouliot Brad Winchester Tyler Kennedy 40 1 2 2
2 Marc-André Cliche Kenndal McArdle Ryan Shannon 30 1 2 2
3 Brett Sutter Andrew Kozek Nick Johnson 20 1 2 2
4 Drew Larman John McCarthy Alex Berry 10 1 2 2
5 vs 5 Defense
Defense Defense Time % Phy DF OF
1 Shawn Belle Davis Drewiske 40 1 2 2
2 Clayton Stoner Kyle Wharton 30 1 2 2
3 Scott Jackson Roman Polak 20 1 2 2
4 Shawn Belle Davis Drewiske 10 1 2 2
PowerPlay Forward
Center Left Wing Right Wing Time % Phy DF OF
1 Marc-Antoine Pouliot Brad Winchester Tyler Kennedy 60 1 2 2
2 Marc-André Cliche Kenndal McArdle Ryan Shannon 40 1 2 2
PowerPlay Defense
Defense Defense Time % Phy DF OF
1 Shawn Belle Davis Drewiske 60 1 2 2
2 Clayton Stoner Kyle Wharton 40 1 2 2
Penalty Kill 4 Players Forward
Center Wing Time % Phy DF OF
1 Brad Winchester Tyler Kennedy 60 1 2 2
2 Ryan Shannon Kenndal McArdle 40 1 2 2
Penalty Kill 4 Players Defense
Defense Defense Time % Phy DF OF
1 Shawn Belle Davis Drewiske 60 1 2 2
2 Clayton Stoner Kyle Wharton 40 1 2 2
Penalty Kill - 3 Players Forward
Forward Time % Phy DF OF
1 Brad Winchester 60 1 2 2
2 Tyler Kennedy 40 1 2 2
Penalty Kill - 3 Players Defense
Defense Defense Time % Phy DF OF
1 Shawn Belle Davis Drewiske 60 1 2 2
2 Clayton Stoner Kyle Wharton 40 1 2 2
4 vs 4 Forward
Center Wing Time % Phy DF OF
1 Brad Winchester Tyler Kennedy 60 1 2 2
2 Ryan Shannon Kenndal McArdle 40 1 2 2
4 vs 4 Defense
Defense Defense Time % Phy DF OF
1 Shawn Belle Davis Drewiske 60 1 2 2
2 Clayton Stoner Kyle Wharton 40 1 2 2
Last Minutes Offensive
Center Left Wing Right Wing Defense Defense
Marc-Antoine Pouliot Brad Winchester Tyler Kennedy Shawn Belle Davis Drewiske
Last Minutes Defensive
Center Left Wing Right Wing Defense Defense
Marc-Antoine Pouliot Brad Winchester Tyler Kennedy Shawn Belle Davis Drewiske
Goaltenders
Starting : Alex Auld
Backup : Sergei Bobrovsky
Extra Forwards
Normal : Nick Johnson, Andrew Kozek, Alex Berry - PP : Nick Johnson, Andrew Kozek - PK : Alex Berry
Extra Defensemen
Normal : Scott Jackson, Roman Polak, Clayton Stoner - PP : Scott Jackson - PK : Roman Polak, Clayton Stoner
Penalty Shots
Brad Winchester, Tyler Kennedy, Ryan Shannon, Kenndal McArdle, Nick Johnson
% Time on Ice - Saguenéens
Lines # - Real PCT - Wanted PCT - Time Play
Normal Forward
1 - 32% - 40% - 12:38
2 - 24% - 30% - 9:21
3 - 26% - 20% - 10:16
4 - 18% - 10% - 7:14
Normal Defense
1 - 35% - 40% - 14:00
2 - 34% - 31% - 13:27
3 - 26% - 23% - 10:14
4 - 5% - 6% - 1:48
PP Forward
1 - 55% - 60% - 6:33
2 - 45% - 40% - 5:21
PP Defense
1 - 58% - 60% - 6:57
2 - 42% - 40% - 4:57
PK Forward
1 - 85% - 60% - 6:11
2 - 15% - 40% - 1:08
PK Defense
1 - 72% - 60% - 5:17
2 - 28% - 40% - 2:02
PK3 Forward
1 - 100% - 60% - 1:18
2 - 0% - 40% - 0:00
PK3 Defense
1 - 53% - 60% - 0:41
2 - 47% - 40% - 0:37
44 Forward
1 - 83% - 60% - 4:08
2 - 17% - 40% - 0:52
44 Defense
1 - 60% - 60% - 3:01
2 - 40% - 40% - 1:59
Last Minute Offensive - 0:00
Last Minute Defensive - 0:00
Total
Forward - 65:00
Defense - 65:00
|
% Time on Ice - Atomiques
Lines # - Real PCT - Wanted PCT - Time Play
Normal Forward
1 - 32% - 40% - 12:38
2 - 25% - 30% - 9:52
3 - 24% - 20% - 9:35
4 - 19% - 10% - 7:24
Normal Defense
1 - 34% - 40% - 13:30
2 - 33% - 30% - 13:11
3 - 27% - 20% - 10:37
4 - 6% - 10% - 2:11
PP Forward
1 - 57% - 60% - 4:54
2 - 43% - 40% - 3:43
PP Defense
1 - 68% - 60% - 5:52
2 - 32% - 40% - 2:45
PK Forward
1 - 75% - 60% - 8:52
2 - 25% - 40% - 3:02
PK Defense
1 - 61% - 60% - 7:12
2 - 39% - 40% - 4:42
PK3 Forward
1 - 0% - 60%
2 - 0% - 40%
PK3 Defense
1 - 0% - 60%
2 - 0% - 40%
44 Forward
1 - 75% - 60% - 3:46
2 - 25% - 40% - 1:14
44 Defense
1 - 63% - 60% - 3:10
2 - 37% - 40% - 1:50
Last Minute Offensive - 0:00
Last Minute Defensive - 0:00
Total
Forward - 65:00
Defense - 65:00
|
Play by Play
1st period
0:01 of 1st period - Marc-Antoine Pouliot wins face-off versus Kyle Brodziak in neutral zone.
0:05 of 1st period - Icing by Brett Lebda.
0:06 of 1st period - Kyle Brodziak wins face-off versus Marc-Antoine Pouliot in Saguenéens zone.
0:15 of 1st period - Slapshot by Brett Lebda.
0:15 of 1st period - Stopped by Alex Auld with a rebound.
0:21 of 1st period - Snap shot by Evgeny Dadonov.
0:21 of 1st period - Stopped by Alex Auld without a rebound.
0:22 of 1st period - Mathieu Perreault wins face-off versus Marc-André Cliche in Atomiques zone.
0:28 of 1st period - Off-side.
0:29 of 1st period - Marc-André Cliche wins face-off versus Mathieu Perreault in neutral zone.
0:31 of 1st period - Off-side.
0:32 of 1st period - Marc-André Cliche wins face-off versus Mathieu Perreault in neutral zone.
0:48 of 1st period - Off-side.
0:49 of 1st period - Brett Sutter wins face-off versus Brian Flynn in neutral zone.
1:00 of 1st period - Slapshot by Andrew Kozek.
1:00 of 1st period - Stopped by Al Montoya without a rebound.
1:01 of 1st period - Jim O'Brien wins face-off versus John McCarthy in Saguenéens zone.
1:06 of 1st period - Slapshot by John McCarthy.
1:06 of 1st period - Shot Misses the Net.
1:08 of 1st period - Wrist shot by Drew Larman.
1:08 of 1st period - Stopped by Al Montoya without a rebound.
1:09 of 1st period - Jim O'Brien wins face-off versus Drew Larman in Saguenéens zone.
2:38 of 1st period - Wrist shot by John McCarthy.
2:38 of 1st period - Stopped by Al Montoya with a rebound.
2:44 of 1st period - Drew Larman is hit by David Rundblad.
2:54 of 1st period - Evgeny Dadonov is hit by Shawn Belle and loses puck.
3:21 of 1st period - Wrist shot by Ryan Shannon.
3:21 of 1st period - Shot Misses the Net.
3:39 of 1st period - Kyle Wharton is hit by Brian Flynn and loses puck.
3:46 of 1st period - Wrist shot by Brian Flynn.
3:46 of 1st period - Shot Blocked by Kyle Wharton.
3:48 of 1st period - Slapshot by Brandon Burlon.
3:48 of 1st period - Stopped by Alex Auld with a rebound.
3:50 of 1st period - Wrist shot by Rhett Rakhshani.
3:50 of 1st period - Shot Misses the Net.
4:00 of 1st period - Snap shot by Nick Johnson.
4:00 of 1st period - Stopped by Al Montoya with a rebound.
4:20 of 1st period - Marc-Antoine Pouliot is hit by Jerry D'Amigo and loses puck.
4:25 of 1st period - Slapshot by Tyler McNeely.
4:25 of 1st period - Stopped by Alex Auld without a rebound.
4:26 of 1st period - Marc-Antoine Pouliot wins face-off versus Mathieu Perreault in Atomiques zone.
4:39 of 1st period - Wrist shot by David Laliberté.
4:39 of 1st period - Shot Misses the Net.
6:00 of 1st period - Wrist shot by Tyler Kennedy.
6:00 of 1st period - Shot Misses the Net.
6:43 of 1st period - Slapshot by Brian Flynn.
6:43 of 1st period - Stopped by Alex Auld with a rebound.
6:45 of 1st period - Slapshot by David Rundblad.
6:45 of 1st period - Shot Misses the Net.
6:47 of 1st period - Wrist shot by Rhett Rakhshani.
6:47 of 1st period - Shot Misses the Net.
6:49 of 1st period - Wrist shot by Rhett Rakhshani.
6:49 of 1st period - Stopped by Alex Auld without a rebound.
6:50 of 1st period - Marc-Antoine Pouliot wins face-off versus Kyle Brodziak in Atomiques zone.
6:55 of 1st period - Wrist shot by Kyle Brodziak.
6:55 of 1st period - Shot Blocked by Tyler Kennedy.
7:05 of 1st period - Snap shot by Evgeny Dadonov.
7:05 of 1st period - Shot Misses the Net.
7:15 of 1st period - David Laliberté is hit by Scott Jackson and loses puck.
7:34 of 1st period - David Rundblad is hit by Brett Sutter and loses puck.
7:41 of 1st period - Snap shot by Brett Sutter.
7:41 of 1st period - Shot Hit the Post.
7:43 of 1st period - Wrist shot by Nick Johnson.
7:43 of 1st period - Stopped by Al Montoya without a rebound.
7:44 of 1st period - Brad Winchester wins face-off versus Kyle Brodziak in Saguenéens zone.
8:10 of 1st period - Minor Penalty to Davis Drewiske for Holding.
8:11 of 1st period - Kyle Brodziak wins face-off versus Brad Winchester in Atomiques zone.
10:09 of 1st period - Brett Lebda is hit by Clayton Stoner and loses puck.
10:10 of 1st period - Penalty to Davis Drewiske is over, Davis Drewiske is back on ice.
10:24 of 1st period - Tyler McNeely is hit by Kenndal McArdle.
11:32 of 1st period - Brett Lebda is hit by John McCarthy and loses puck.
11:49 of 1st period - David Rundblad is hit by Ryan Shannon and loses puck.
12:05 of 1st period - Icing by Tim Kennedy.
12:06 of 1st period - Kyle Brodziak wins face-off versus Marc-Antoine Pouliot in Saguenéens zone.
13:10 of 1st period - Snap shot by John McCarthy.
13:10 of 1st period - Shot Misses the Net.
14:07 of 1st period - Slapshot by Marc-André Cliche.
14:07 of 1st period - Shot Misses the Net.
14:09 of 1st period - Snap shot by Davis Drewiske.
14:09 of 1st period - Stopped by Al Montoya with a rebound.
14:26 of 1st period - Off-side.
14:27 of 1st period - Kyle Brodziak wins face-off versus Drew Larman in neutral zone.
14:36 of 1st period - Brett Lebda is hit by Alex Berry and loses puck.
15:17 of 1st period - Davis Drewiske is hit by Brian Flynn and loses puck.
15:42 of 1st period - Snap shot by Tyler McNeely.
15:42 of 1st period - Stopped by Alex Auld with a rebound.
15:44 of 1st period - Slapshot by T.J. Fast.
15:44 of 1st period - Shot Blocked by Scott Jackson.
15:48 of 1st period - Wrist shot by Jim O'Brien.
15:48 of 1st period - Stopped by Alex Auld without a rebound.
15:49 of 1st period - Kyle Brodziak wins face-off versus Marc-Antoine Pouliot in Atomiques zone.
16:04 of 1st period - Slapshot by Evgeny Dadonov.
16:04 of 1st period - Shot Blocked by Brad Winchester.
16:10 of 1st period - Minor Penalty to Scott Jackson for Hooking.
16:11 of 1st period - Kyle Brodziak wins face-off versus Brad Winchester in Atomiques zone.
18:07 of 1st period - T.J. Fast is hit by Kyle Wharton and loses puck.
18:10 of 1st period - Penalty to Scott Jackson is over, Scott Jackson is back on ice.
18:16 of 1st period - Wrist shot by Ryan Shannon.
18:16 of 1st period - Stopped by Al Montoya with a rebound.
18:28 of 1st period - Wrist shot by Ryan Shannon.
18:28 of 1st period - Stopped by Al Montoya with a rebound.
18:48 of 1st period - Wrist shot by Evgeny Dadonov.
18:48 of 1st period - Deflect By Scott Jackson.
18:48 of 1st period - Shot Misses the Net.
18:48 of 1st period - Puck is out of play.
18:49 of 1st period - Brett Sutter wins face-off versus Brian Flynn in Atomiques zone.
19:14 of 1st period - Jerry D'Amigo is hit by Tyler Kennedy.
19:37 of 1st period - Slapshot by John McCarthy.
19:37 of 1st period - Shot Misses the Net.
19:39 of 1st period - Wrist shot by Drew Larman.
19:39 of 1st period - Stopped by Al Montoya with a rebound.
19:43 of 1st period - Wrist shot by Alex Berry.
19:43 of 1st period - Stopped by Al Montoya without a rebound.
19:44 of 1st period - Nick Johnson wins face-off versus Tyler McNeely in Saguenéens zone.
19:45 of 1st period - Snap shot by Andrew Kozek.
19:45 of 1st period - Stopped by Al Montoya with a rebound.
Goals for this period are 0 for Saguenéens vs 0 for Atomiques.
Shots for this period are 8 for Saguenéens vs 11 for Atomiques.
2nd period
0:01 of 2nd period - Kyle Brodziak wins face-off versus Marc-Antoine Pouliot in neutral zone.
0:10 of 2nd period - Snap shot by Brett Lebda.
0:10 of 2nd period - Deflect By Evgeny Dadonov.
0:10 of 2nd period - Goal by Evgeny Dadonov - Saguenéens : 1 - Atomiques : 0.
0:11 of 2nd period - Marc-Antoine Pouliot wins face-off versus Kyle Brodziak in neutral zone.
0:36 of 2nd period - Ryan Shannon is hit by David Laliberté and loses puck.
0:43 of 2nd period - Snap shot by David Laliberté.
0:43 of 2nd period - Stopped by Alex Auld without a rebound.
0:44 of 2nd period - Marc-André Cliche wins face-off versus Kyle Brodziak in Atomiques zone.
0:44 of 2nd period - Marc-André Cliche is hit by Evgeny Dadonov.
0:52 of 2nd period - Snap shot by Evgeny Dadonov.
0:52 of 2nd period - Stopped by Alex Auld without a rebound.
0:53 of 2nd period - Kyle Brodziak wins face-off versus Marc-André Cliche in Atomiques zone.
1:08 of 2nd period - Slapshot by Kenndal McArdle.
1:08 of 2nd period - Shot Misses the Net.
1:10 of 2nd period - Wrist shot by Marc-André Cliche.
1:10 of 2nd period - Goal by Marc-André Cliche - Saguenéens : 1 - Atomiques : 1.
1:11 of 2nd period - Marc-Antoine Pouliot wins face-off versus Kyle Brodziak in neutral zone.
1:22 of 2nd period - Slapshot by Brad Winchester.
1:22 of 2nd period - Shot Misses the Net.
1:24 of 2nd period - Wrist shot by Marc-Antoine Pouliot.
1:24 of 2nd period - Shot Hit the Post.
1:26 of 2nd period - Slapshot by Shawn Belle.
1:26 of 2nd period - Stopped by Al Montoya with a rebound.
1:36 of 2nd period - Ryan Shannon is hit by Brett Lebda and loses puck.
1:45 of 2nd period - Mathieu Perreault is hit by Ryan Shannon and loses puck.
2:13 of 2nd period - Snap shot by Andrew Kozek.
2:13 of 2nd period - Stopped by Al Montoya with a rebound.
2:31 of 2nd period - Wrist shot by Brad Winchester.
2:31 of 2nd period - Shot Blocked by David Rundblad.
2:33 of 2nd period - Minor Penalty to Mike Sauer for Holding.
2:34 of 2nd period - Marc-Antoine Pouliot wins face-off versus Kyle Brodziak in Saguenéens zone.
2:47 of 2nd period - Wrist shot by Brad Winchester.
2:47 of 2nd period - Shot Blocked by Brandon Burlon.
2:59 of 2nd period - Shawn Belle is hit by Eric Tangradi and loses puck.
3:03 of 2nd period - Icing by Marc-André Cliche.
3:04 of 2nd period - Kyle Brodziak wins face-off versus Marc-André Cliche in Atomiques zone.
3:21 of 2nd period - Slapshot by Davis Drewiske.
3:21 of 2nd period - Shot Blocked by Brandon Burlon.
4:09 of 2nd period - Slapshot by T.J. Fast.
4:09 of 2nd period - Shot Blocked by Shawn Belle.
4:33 of 2nd period - Penalty to Mike Sauer is over, Mike Sauer is back on ice.
4:47 of 2nd period - Wrist shot by Brian Flynn.
4:47 of 2nd period - Shot Misses the Net.
4:53 of 2nd period - Wrist shot by Rhett Rakhshani.
4:53 of 2nd period - Stopped by Alex Auld with a rebound.
5:03 of 2nd period - Kyle Wharton is hit by David Laliberté and loses puck.
5:16 of 2nd period - Snap shot by John McCarthy.
5:16 of 2nd period - Deflect By Brett Lebda.
5:16 of 2nd period - Shot Blocked by Brett Lebda.
5:16 of 2nd period - Puck is out of play.
5:17 of 2nd period - Kyle Brodziak wins face-off versus Drew Larman in Saguenéens zone.
5:29 of 2nd period - Wrist shot by John McCarthy.
5:29 of 2nd period - Shot Blocked by Brandon Burlon.
5:31 of 2nd period - Slapshot by Davis Drewiske.
5:31 of 2nd period - Shot Blocked by Tim Kennedy.
5:33 of 2nd period - Snap shot by Alex Berry.
5:33 of 2nd period - Stopped by Al Montoya without a rebound.
5:34 of 2nd period - Tyler Kennedy wins face-off versus Brian Flynn in Saguenéens zone.
5:41 of 2nd period - Wrist shot by Tyler Kennedy.
5:41 of 2nd period - Shot Misses the Net.
5:43 of 2nd period - Backhand shot by Tyler Kennedy.
5:43 of 2nd period - Shot Misses the Net.
5:45 of 2nd period - Slapshot by Davis Drewiske.
5:45 of 2nd period - Shot Blocked by Rhett Rakhshani.
5:47 of 2nd period - Slapshot by Shawn Belle.
5:47 of 2nd period - Stopped by Al Montoya without a rebound.
5:48 of 2nd period - Marc-Antoine Pouliot wins face-off versus Kyle Brodziak in Saguenéens zone.
5:51 of 2nd period - Slapshot by Brad Winchester.
5:51 of 2nd period - Shot Blocked by T.J. Fast.
6:23 of 2nd period - Snap shot by Ryan Shannon.
6:23 of 2nd period - Shot Misses the Net.
6:25 of 2nd period - Wrist shot by Shawn Belle.
6:25 of 2nd period - Shot Misses the Net.
6:27 of 2nd period - Slapshot by Davis Drewiske.
6:27 of 2nd period - Stopped by Al Montoya with a rebound.
6:56 of 2nd period - Backhand shot by T.J. Fast.
6:56 of 2nd period - Deflect By Tyler McNeely.
6:56 of 2nd period - Stopped by Alex Auld without a rebound.
6:57 of 2nd period - Jim O'Brien wins face-off versus Drew Larman in Atomiques zone.
7:22 of 2nd period - Kyle Brodziak is hit by Kyle Wharton and loses puck.
7:43 of 2nd period - David Rundblad is hit by Davis Drewiske.
7:53 of 2nd period - David Rundblad is hit by Ryan Shannon and loses puck.
8:00 of 2nd period - Minor Penalty to David Laliberté for Interference.
8:01 of 2nd period - Marc-Antoine Pouliot wins face-off versus Kyle Brodziak in Saguenéens zone.
8:26 of 2nd period - Kyle Brodziak is hit by Kenndal McArdle and loses puck.
8:41 of 2nd period - Minor Penalty to Kyle Brodziak for Hooking.
8:42 of 2nd period - Eric Tangradi wins face-off versus Marc-Antoine Pouliot in Saguenéens zone.
8:42 of 2nd period - Eric Tangradi is hit by Marc-Antoine Pouliot.
10:00 of 2nd period - Penalty to David Laliberté is over, David Laliberté is back on ice.
10:41 of 2nd period - Penalty to Kyle Brodziak is over, Kyle Brodziak is back on ice.
11:17 of 2nd period - Kevin Marshall is hit by Alex Berry and loses puck.
11:31 of 2nd period - Slapshot by T.J. Fast.
11:31 of 2nd period - Stopped by Alex Auld without a rebound.
11:32 of 2nd period - Mathieu Perreault wins face-off versus Marc-André Cliche in Atomiques zone.
11:37 of 2nd period - Snap shot by Eric Tangradi.
11:37 of 2nd period - Stopped by Alex Auld with a rebound.
11:45 of 2nd period - Icing by David Rundblad.
11:46 of 2nd period - Marc-Antoine Pouliot wins face-off versus Mathieu Perreault in Saguenéens zone.
11:50 of 2nd period - Minor Penalty to Mike Sauer for Hooking.
11:51 of 2nd period - Kyle Brodziak wins face-off versus Marc-Antoine Pouliot in Saguenéens zone.
11:51 of 2nd period - Kyle Brodziak is hit by Tyler Kennedy.
12:04 of 2nd period - Slapshot by Tyler Kennedy.
12:04 of 2nd period - Shot Misses the Net.
12:11 of 2nd period - Icing by Brad Winchester.
12:12 of 2nd period - Kyle Brodziak wins face-off versus Marc-Antoine Pouliot in Atomiques zone.
12:13 of 2nd period - Snap shot by Eric Tangradi.
12:13 of 2nd period - Deflect By Marc-Antoine Pouliot.
12:13 of 2nd period - Shot Misses the Net.
12:13 of 2nd period - Puck is out of play.
12:14 of 2nd period - Marc-Antoine Pouliot wins face-off versus Kyle Brodziak in Atomiques zone.
12:39 of 2nd period - Brett Lebda is hit by Davis Drewiske and loses puck.
13:17 of 2nd period - Eric Tangradi is hit by Kyle Wharton and loses puck.
13:44 of 2nd period - Davis Drewiske is hit by Jim O'Brien and loses puck.
13:50 of 2nd period - Penalty to Mike Sauer is over, Mike Sauer is back on ice.
14:06 of 2nd period - Off-side.
14:07 of 2nd period - Drew Larman wins face-off versus Brian Flynn in neutral zone.
14:25 of 2nd period - Brian Flynn is hit by John McCarthy and loses puck.
15:35 of 2nd period - Minor Penalty to Tyler Kennedy for Interference.
15:36 of 2nd period - Brad Winchester wins face-off versus Mathieu Perreault in Atomiques zone.
17:35 of 2nd period - Penalty to Tyler Kennedy is over, Tyler Kennedy is back on ice.
17:42 of 2nd period - Tyler Kennedy is hit by Tyler McNeely and loses puck.
17:47 of 2nd period - Wrist shot by Tyler McNeely.
17:47 of 2nd period - Shot Misses the Net.
17:49 of 2nd period - Wrist shot by Jerry D'Amigo.
17:49 of 2nd period - Shot Blocked by Kyle Wharton.
19:10 of 2nd period - Slapshot by Ryan Shannon.
19:10 of 2nd period - Stopped by Al Montoya with a rebound.
19:56 of 2nd period - Minor Penalty to Roman Polak for High sticking.
19:57 of 2nd period - Brad Winchester wins face-off versus Kyle Brodziak in Atomiques zone.
Goals for this period are 1 for Saguenéens vs 1 for Atomiques.
Shots for this period are 7 for Saguenéens vs 7 for Atomiques.
3rd period
0:01 of 3rd period - Brad Winchester wins face-off versus Kyle Brodziak in neutral zone.
0:13 of 3rd period - Slapshot by Kyle Brodziak.
0:13 of 3rd period - Stopped by Alex Auld without a rebound.
0:14 of 3rd period - Brad Winchester wins face-off versus Kyle Brodziak in Atomiques zone.
1:56 of 3rd period - Penalty to Roman Polak is over, Roman Polak is back on ice.
2:27 of 3rd period - Brett Lebda is hit by Marc-André Cliche and loses puck.
2:47 of 3rd period - Eric Tangradi is hit by Drew Larman and loses puck.
3:17 of 3rd period - Mike Sauer is hit by Roman Polak.
5:00 of 3rd period - Andrew Kozek is hit by Rhett Rakhshani and loses puck.
5:45 of 3rd period - Mathieu Perreault is hit by Kenndal McArdle and loses puck.
6:04 of 3rd period - Evgeny Dadonov is hit by Clayton Stoner and loses puck.
6:09 of 3rd period - Snap shot by Brad Winchester.
6:09 of 3rd period - Shot Misses the Net.
6:47 of 3rd period - Eric Tangradi is hit by Clayton Stoner and loses puck.
6:58 of 3rd period - Minor Penalty to John McCarthy for Hooking.
6:59 of 3rd period - Kyle Brodziak wins face-off versus Brad Winchester in Atomiques zone.
7:10 of 3rd period - Snap shot by Evgeny Dadonov.
7:10 of 3rd period - Stopped by Alex Auld without a rebound.
7:11 of 3rd period - Kyle Brodziak wins face-off versus Brad Winchester in Atomiques zone.
8:51 of 3rd period - Brian Flynn is hit by Clayton Stoner and loses puck.
8:58 of 3rd period - Penalty to John McCarthy is over, John McCarthy is back on ice.
9:02 of 3rd period - Shawn Belle is hit by Kevin Marshall and loses puck.
9:15 of 3rd period - Wrist shot by Brett Sutter.
9:15 of 3rd period - Shot Blocked by T.J. Fast.
9:17 of 3rd period - Snap shot by Shawn Belle.
9:17 of 3rd period - Shot Blocked by T.J. Fast.
10:12 of 3rd period - Wrist shot by John McCarthy.
10:12 of 3rd period - Stopped by Al Montoya without a rebound.
10:13 of 3rd period - Drew Larman wins face-off versus Brian Flynn in Saguenéens zone.
10:14 of 3rd period - Snap shot by Alex Berry.
10:14 of 3rd period - Stopped by Al Montoya without a rebound.
10:15 of 3rd period - Marc-Antoine Pouliot wins face-off versus Kyle Brodziak in Saguenéens zone.
10:20 of 3rd period - Snap shot by Brad Winchester.
10:20 of 3rd period - Shot Misses the Net.
10:40 of 3rd period - Eric Tangradi is hit by Davis Drewiske and loses puck.
11:04 of 3rd period - Wrist shot by Brandon Burlon.
11:04 of 3rd period - Shot Misses the Net.
11:15 of 3rd period - Off-side.
11:16 of 3rd period - Kyle Brodziak wins face-off versus Drew Larman in neutral zone.
11:31 of 3rd period - Snap shot by Evgeny Dadonov.
11:31 of 3rd period - Stopped by Alex Auld with a rebound.
11:37 of 3rd period - Minor Penalty to John McCarthy for Hooking.
11:38 of 3rd period - Kyle Brodziak wins face-off versus Brad Winchester in Atomiques zone.
11:39 of 3rd period - Slapshot by Evgeny Dadonov.
11:39 of 3rd period - Shot Misses the Net.
11:41 of 3rd period - Snap shot by Mathieu Perreault.
11:41 of 3rd period - Deflect By Kyle Brodziak.
11:41 of 3rd period - Shot Blocked by Davis Drewiske.
11:41 of 3rd period - Puck is out of play.
11:42 of 3rd period - Kyle Brodziak wins face-off versus Brad Winchester in Atomiques zone.
11:43 of 3rd period - Wrist shot by Evgeny Dadonov.
11:43 of 3rd period - Shot Blocked by Shawn Belle.
11:45 of 3rd period - Wrist shot by Kyle Brodziak.
11:45 of 3rd period - Stopped by Alex Auld with a rebound.
11:47 of 3rd period - Slapshot by Kevin Marshall.
11:47 of 3rd period - Deflect By Kyle Brodziak.
11:47 of 3rd period - Shot Blocked by Shawn Belle.
11:47 of 3rd period - Puck is out of play.
11:48 of 3rd period - Brad Winchester wins face-off versus Kyle Brodziak in Atomiques zone.
12:27 of 3rd period - Slapshot by T.J. Fast.
12:27 of 3rd period - Stopped by Alex Auld without a rebound.
12:28 of 3rd period - Ryan Shannon wins face-off versus Brian Flynn in Atomiques zone.
12:47 of 3rd period - Tyler Pitlick is hit by Tyler Kennedy and loses puck.
13:07 of 3rd period - Snap shot by Eric Tangradi.
13:07 of 3rd period - Shot Blocked by Davis Drewiske.
13:09 of 3rd period - Slapshot by David Rundblad.
13:09 of 3rd period - Shot Misses the Net.
13:11 of 3rd period - Wrist shot by Brian Flynn.
13:11 of 3rd period - Deflect By Eric Tangradi.
13:11 of 3rd period - Stopped by Alex Auld without a rebound.
13:12 of 3rd period - Kyle Brodziak wins face-off versus Brad Winchester in Atomiques zone.
13:13 of 3rd period - Wrist shot by Evgeny Dadonov.
13:13 of 3rd period - Deflect By Mathieu Perreault.
13:13 of 3rd period - Shot Blocked by Davis Drewiske.
13:13 of 3rd period - Puck is out of play.
13:14 of 3rd period - Brad Winchester wins face-off versus Kyle Brodziak in Atomiques zone.
13:23 of 3rd period - Snap shot by Evgeny Dadonov.
13:23 of 3rd period - Shot Misses the Net.
13:37 of 3rd period - Penalty to John McCarthy is over, John McCarthy is back on ice.
13:43 of 3rd period - Slapshot by Shawn Belle.
13:43 of 3rd period - Shot Misses the Net.
13:45 of 3rd period - Slapshot by Davis Drewiske.
13:45 of 3rd period - Shot Blocked by T.J. Fast.
13:47 of 3rd period - Snap shot by John McCarthy.
13:47 of 3rd period - Stopped by Al Montoya with a rebound.
13:49 of 3rd period - Slapshot by Tyler Kennedy.
13:49 of 3rd period - Goal by Tyler Kennedy - Saguenéens : 1 - Atomiques : 2.
13:50 of 3rd period - Tyler Pitlick wins face-off versus Kenndal McArdle in neutral zone.
14:01 of 3rd period - Slapshot by Ryan Shannon.
14:01 of 3rd period - Stopped by Al Montoya without a rebound.
14:02 of 3rd period - Kyle Brodziak wins face-off versus Marc-Antoine Pouliot in Saguenéens zone.
14:02 of 3rd period - Kyle Brodziak is hit by Shawn Belle.
14:31 of 3rd period - Minor Penalty to Eric Tangradi for Hooking.
14:32 of 3rd period - Marc-Antoine Pouliot wins face-off versus Kyle Brodziak in Saguenéens zone.
14:40 of 3rd period - Snap shot by Tyler Kennedy.
14:40 of 3rd period - Stopped by Al Montoya with a rebound.
14:44 of 3rd period - Snap shot by Tyler Kennedy.
14:44 of 3rd period - Shot Misses the Net.
14:46 of 3rd period - Snap shot by Tyler Kennedy.
14:46 of 3rd period - Shot Blocked by Mike Sauer.
15:05 of 3rd period - Icing by Marc-André Cliche.
15:06 of 3rd period - Marc-André Cliche wins face-off versus Kyle Brodziak in Atomiques zone.
15:42 of 3rd period - Off-side.
15:43 of 3rd period - Ryan Shannon wins face-off versus Kyle Brodziak in neutral zone.
16:16 of 3rd period - Snap shot by Evgeny Dadonov.
16:16 of 3rd period - Stopped by Alex Auld with a rebound.
16:31 of 3rd period - Penalty to Eric Tangradi is over, Eric Tangradi is back on ice.
16:36 of 3rd period - Snap shot by David Laliberté.
16:36 of 3rd period - Stopped by Alex Auld without a rebound.
16:37 of 3rd period - Brett Sutter wins face-off versus Brian Flynn in Atomiques zone.
16:42 of 3rd period - Brett Sutter is hit by T.J. Fast and loses puck.
17:19 of 3rd period - Icing by Clayton Stoner.
17:20 of 3rd period - Jim O'Brien wins face-off versus Tyler Kennedy in Atomiques zone.
17:39 of 3rd period - David Rundblad is hit by Marc-Antoine Pouliot.
17:40 of 3rd period - Icing by David Rundblad.
17:41 of 3rd period - Brett Sutter wins face-off versus Rhett Rakhshani in Saguenéens zone.
17:42 of 3rd period - Slapshot by Shawn Belle.
17:42 of 3rd period - Stopped by Al Montoya with a rebound.
17:46 of 3rd period - Snap shot by Nick Johnson.
17:46 of 3rd period - Stopped by Al Montoya with a rebound.
17:48 of 3rd period - Slapshot by Brett Sutter.
17:48 of 3rd period - Shot Misses the Net.
18:08 of 3rd period - Marc-André Cliche is hit by David Rundblad and loses puck.
18:15 of 3rd period - Wrist shot by Kyle Brodziak.
18:15 of 3rd period - Shot Misses the Net.
18:17 of 3rd period - Snap shot by Tyler Pitlick.
18:17 of 3rd period - Deflect By Kyle Brodziak.
18:17 of 3rd period - Goal by Kyle Brodziak - Saguenéens : 2 - Atomiques : 2.
18:18 of 3rd period - Brian Flynn wins face-off versus Brett Sutter in neutral zone.
19:58 of 3rd period - Wrist shot by David Laliberté.
19:58 of 3rd period - Shot Misses the Net.
Goals for this period are 1 for Saguenéens vs 1 for Atomiques.
Shots for this period are 9 for Saguenéens vs 8 for Atomiques.
Overtime #1
0:01 of 1st overtime period - Kyle Brodziak wins face-off versus Brad Winchester in neutral zone.
0:08 of 1st overtime period - Slapshot by Kyle Brodziak.
0:08 of 1st overtime period - Shot Misses the Net.
0:12 of 1st overtime period - Wrist shot by Mathieu Perreault.
0:12 of 1st overtime period - Stopped by Alex Auld with a rebound.
0:14 of 1st overtime period - Wrist shot by Mathieu Perreault.
0:14 of 1st overtime period - Shot Misses the Net.
0:16 of 1st overtime period - Wrist shot by Kevin Marshall.
0:16 of 1st overtime period - Shot Misses the Net.
0:26 of 1st overtime period - Tyler Kennedy is hit by Brett Lebda and loses puck.
1:53 of 1st overtime period - Mike Sauer is hit by Clayton Stoner and loses puck.
2:16 of 1st overtime period - Eric Tangradi is hit by Alex Berry and loses puck.
2:49 of 1st overtime period - Mike Sauer is hit by Nick Johnson and loses puck.
3:39 of 1st overtime period - Brandon Burlon is hit by Davis Drewiske and loses puck.
4:04 of 1st overtime period - Kevin Marshall is hit by Kenndal McArdle and loses puck.
Goals for this period are 0 for Saguenéens vs 0 for Atomiques.
Shots for this period are 1 for Saguenéens vs 0 for Atomiques.
ShootOut
5:00 of 1st overtime period - Penalty Shot by Evgeny Dadonov for Saguenéens.
5:00 of 1st overtime period - Wrist shot by Evgeny Dadonov.
5:00 of 1st overtime period - Shot Misses the Net.
5:00 of 1st overtime period - Penalty Shot by Brad Winchester for Atomiques.
5:00 of 1st overtime period - Wrist shot by Brad Winchester.
5:00 of 1st overtime period - Stopped by Al Montoya.
5:00 of 1st overtime period - Penalty Shot by Kyle Brodziak for Saguenéens.
5:00 of 1st overtime period - Wrist shot by Kyle Brodziak.
5:00 of 1st overtime period - Stopped by Alex Auld.
5:00 of 1st overtime period - Penalty Shot by Tyler Kennedy for Atomiques.
5:00 of 1st overtime period - Snap shot by Tyler Kennedy.
5:00 of 1st overtime period - Goal by Tyler Kennedy.
5:00 of 1st overtime period - Penalty Shot by David Laliberté for Saguenéens.
5:00 of 1st overtime period - Wrist shot by David Laliberté.
5:00 of 1st overtime period - Shot Misses the Net.
Output by the SimonT Hockey Simulator (STHS) for François Prévost -- Original Page W3C XHTML 1.0 Valid